 Dungeon Crawl Stone Soup version 0.30-a0-743-gbfdf073431 (webtiles) character file.

Game seed: 3560516255273545821

58639 Bitman the Blocker (level 14, -7/119 (129) HPs)
             Began as a Minotaur Fighter on Feb 5, 2023.
             Was a High Priest of Trog.
             Mangled by a sixfirhy (12 damage)
             ... summoned by an orc sorcerer
             ... while paralysed by an orc sorcerer
             ... on level 2 of the Orcish Mines on Feb 6, 2023.
             The game lasted 00:54:37 (17738 turns).

Bitman the Blocker (Minotaur Fighter)              Turns: 17738, Time: 00:54:37

HP:   -7/119 (129)  AC: 26    Str: 28    XL:     14   Next: 50%
MP:   13/13         EV:  2    Int:  5    God:    Trog [*****.]
Gold: 1717          SH:  0    Dex: 14    Spells: 13/13 levels left

rFire   . . .      SeeInvis .    t - +1 demon whip (flame)
rCold   + . .      Faith    .    M - +0 kite shield
rNeg    . . .      Spirit   .    c - +0 crystal plate armour {rC+}
rPois   +          Reflect  .    (helmet restricted)
rElec   .          Harm     .    n - +0 cloak
rCorr   .          Rampage  .    X - +0 pair of fencer's gloves {Riposte Dex+3}
Will    +....                    P - +0 pair of boots Stlth
                                 (no amulet)
HPRegen 0.39/turn                d - +5 ring of evasion
MPRegen 0.13/turn                g - ring "Sioff" {rPois Str+3 Slay+2}

@: paralysed, drained
A: horns 2, retaliatory headbutt, mutation resistance 1
a: Renounce Religion, Berserk, Trog's Hand, Brothers in Arms


You were on level 2 of the Orcish Mines.
You worshipped Trog.
Trog was extremely pleased with you.
You visited 3 branches of the dungeon, and saw 18 of its levels.
You also visited: Ice Cave.

You collected 2304 gold pieces.
You spent 587 gold pieces at shops.

Inventory:

Hand Weapons
 a - a +0 spectral war axe
 t - a +1 demon whip of flaming (weapon)
 T - a +0 broad axe of flaming
Missiles
 j - 7 curare-tipped darts (quivered)
 m - 8 boomerangs
 u - 11 javelins
 v - 26 poisoned darts
 C - 2 throwing nets
Armour
 c - a +0 crystal plate armour of cold resistance (worn)
 n - a +0 cloak (worn)
 M - a +0 kite shield (worn)
 P - a +0 pair of boots (worn)
 X - the +0 pair of fencer's gloves (worn) {Riposte Dex+3}
   (You acquired it on level 2 of the Orcish Mines)

   Riposte:   It allows the wearer to riposte with melee weapons, swiftly
   retaliating against missed or blocked melee attacks.
   Dex:       It affects your dexterity (+3).
Jewellery
 d - a +5 ring of evasion (left hand)
 g - the ring "Sioff" (right hand) {rPois Str+3 Slay+2}
   (You acquired it on level 6 of the Dungeon)

   [ring of poison resistance]

   Str:       It affects your strength (+3).
   Slay:      It affects your accuracy & damage with ranged weapons and melee
   (+2).
   rPois:     It protects you from poison.
 J - a ring of ice
 W - a +4 ring of slaying
Wands
 p - a wand of flame (87)
 z - a wand of iceblast (11)
 A - a wand of charming (4)
 D - a wand of mindburst (17)
 I - a wand of polymorph (6)
 Q - a wand of light (11)
Scrolls
 b - a scroll of magic mapping
 e - 2 scrolls of fear
 o - 3 scrolls of brand weapon
 r - 4 scrolls of identify
 s - 6 scrolls of teleportation
 x - 2 scrolls of enchant armour
 B - a scroll of poison
 H - 4 scrolls of blinking
 K - a scroll of fog
 L - 2 scrolls of silence
 R - 2 scrolls of immolation
Potions
 f - 6 potions of haste
 h - a potion of invisibility
 i - 3 potions of might
 k - a potion of resistance
 l - 3 potions of berserk rage
 q - 4 potions of magic
 w - 2 potions of cancellation
 G - 2 potions of flight
 N - a potion of heal wounds
 S - a potion of ambrosia
 V - 3 potions of curing
Miscellaneous
 E - a phial of floods
 F - a lightning rod (4/4)
 O - a condenser vane
 U - a box of beasts


   Skills:
 + Level 13.0 Fighting
 - Level 11.7(13.1) Axes
 - Level 9.4(12.0) Maces & Flails
 + Level 10.4 Throwing
 + Level 12.9 Armour
 - Level 5.0 Dodging
 + Level 13.1 Shields
 + Level 7.8 Evocations


You had 13 spell levels left.
You didn't know any spells.
Your spell library contained the following spells:

 Spells                   Type           Power      Damage    Failure   Level
 Sublimation of Blood     Necr           0%         N/A       100%        2
 Petrify                  Tmut/Erth      0%         N/A       100%        4
 Irradiate                Conj/Tmut      0%         3d11      100%        5


Dungeon Overview and Level Annotations

Branches:
Dungeon (11/15)            Temple (0/1) D:4            Lair (5/5) D:10
  Swamp (0/4) Lair:3        Snake (0/4) Lair:3          Orc (2/2) D:9
    Elf (0/3) Orc:2         IceCv (visited)
  Slime: Lair:4-5

Altars:
Ashenzari
Cheibriados
Elyvilon
Gozag
Hepliaklqana
Makhleb
Nemelex Xobeh
Ru
Trog
Yredelemnul

Shops:
D:4 (   D:6 *   Orc:1 *   Orc:2 :?[!

Portals:
Pandemonium: Orc:2

Annotations:
D:11 2 transporters, Valagong's ghost, journeyman MiFi
Lair:2 exclusion: oklob plant
Lair:4 exclusion: oklob plant


Innate Abilities, Weirdness & Mutations

You have a pair of horns on your head.
You reflexively headbutt those who attack you in melee.
You are somewhat resistant to further mutation.


Message History

You suddenly lose the ability to move!
The demonspawn hits you but does no damage.
The demonspawn completely misses you.
The demonspawn gores you but does no damage.
The orc sorcerer casts a spell.
The orc sorcerer hits you but does no damage.
The orc priest calls down the wrath of Beogh upon you.
Beogh smites you!
The orc sorcerer hits you but does no damage.
The smoke demon gestures at you. Beogh smites you!
The orc sorcerer hits you but does no damage. x2
The orc sorcerer points at you and mumbles some strange words.
The bolt of negative energy hits you!!
You feel drained.
The demonspawn hits you but does no damage.
The demonspawn claws you!
* * * LOW HITPOINT WARNING * * *
The demonspawn gores you but does no damage.
The orc sorcerer casts a spell.
The sixfirhy enters a dispersal trap!
The orc sorcerer blinks!
The chaos spawn blinks!
The orc sorcerer blinks! x2; The orc priest blinks!
The sun demon blinks!
The chaos spawn blinks!
The demonspawn blinks!
The orc sorcerer blinks!
The sixfirhy blinks!
The orc high priest blinks!
The sun demon blinks!
The orc sorcerer blinks! x2; The orc priest blinks!
The chaos spawn blinks!
The orc warrior blinks!
The orc priest blinks!
The orc high priest blinks!
The orc priest blinks!
The smoke demon blinks!
The orc sorcerer blinks!
The orc priest blinks!
You blink.
The sixfirhy blinks!
The orc sorcerer hits you but does no damage.
The smoke demon gestures at you. Beogh smites you!
* * * LOW HITPOINT WARNING * * *
The sixfirhy hits you but does no damage.
The sixfirhy hits you.
* * * LOW HITPOINT WARNING * * *
The sixfirhy shocks you!
* * * LOW HITPOINT WARNING * * *
The sixfirhy hits you.
* * * LOW HITPOINT WARNING * * *
The sixfirhy shocks you!
You die...

####..4..§.§§o###...##..##
##.#....o.#.§o###.#.##..##∩
#......3...§.###...##..##..
##.......§.§§6.###.#.##..#∩.
#......o.4o.§§.4###...##..#.
###.......3...3o..###...##...
##.##......§...§##).###...##..
#.............4.###).###...##.
##......3.§o3@..# ##..###...##
###.##.#...o#§## ##.)##....#
######.....## ##.)#.#...
##....# ##).[)... #....##
##...#.# ##..## ##..... #...#
##..#. ##.## ##... ### ##∩.


You could see a demonspawn, 2 orc high priests, 2 sun demons, an orange demon
(summoned), a hellwing (summoned), 2 sixfirhies, a smoke demon (summoned), a
chaos spawn (summoned), 3 orc sorcerers and an orc priest.

Vanquished Creatures
  Josephine (Orc:2)
  Harold (Orc:1)
  Fannar (D:11)
  A catoblepas (Lair:5)
  2 boulder beetles (D:11)
  4 hydras
  Erica (D:9)
  11 death yaks
  The ghost of Nabski the Arsonist, a journeyman TeFE of Vehumet (Lair:1)
  3 two-headed ogres
  Urug (Lair:4)
  Amaemon (D:9)
  Nergalle (Lair:2)
  Sonja (D:10)
  The ghost of pokeman the Thaumaturge, a novice DEHW (D:10)
  The ghost of Darius099 the Destroyer, a novice HuCj of Sif Muna (D:8)
  4 bog bodies (Lair:3)
  A lindwurm (Lair:5)
  Pikel (D:6)
  2 orc knights (Orc:2)
  3 manticores
  A cyclops (D:7)
  4 centaur zombies (D:10)
  7 elephants
  An ice statue (IceCv)
  A black mamba (Lair:5)
  A rust devil (Orc:2)
  6 cane toads
  An orange demon (D:9)
  3 komodo dragons
  A gargoyle (D:7)
  4 anaconda simulacra (IceCv)
  4 rime drakes
  A polar bear (Lair:4)
  A red devil (Orc:2)
  8 trolls
  A hornet (D:11)
  5 blink frogs
  3 dream sheep (Lair:5)
  A ynoxinul (D:8)
  A vampire (D:7)
  Sigmund (D:6)
  3 wyverns
  A dire elephant simulacrum (IceCv)
  6 wraiths
  3 basilisks
  A steam dragon (D:8)
  Eustachio (D:6)
  36 yaks
  3 death yak simulacra (IceCv)
  4 vampire mosquitoes (D:11)
  A warg (Orc:2)
  3 nagas (Lair:3)
  A swamp worm (Lair:3)
  14 water moccasins
  2 sky beasts
  18 orc warriors
  2 ice beasts (D:7)
  4 black bears
  4 centaurs
  9 ogres
  3 wolves (Lair:2)
  4 kobold brigands
  Blork the orc (D:4)
  4 scorpions
  5 bullfrogs
  3 necrophages
  5 two-headed ogre simulacra (IceCv)
  2 cane toad simulacra
  8 wights
  4 elephant simulacra (IceCv)
  6 killer bees (D:9)
  3 howler monkeys
  An electric eel (Lair:3)
  2 jellies
  Crazy Yiuf (D:6)
  A human zombie (D:10)
  15 orc priests
  4 hounds
  3 iguanas
  16 orc wizards
  Natasha (twice) (D:2)
  2 polar bear simulacra (IceCv)
  6 spriggan simulacra (IceCv)
  2 troll simulacra (IceCv)
  A wolf simulacrum (IceCv)
  3 mummies (D:10)
  10 adders
  3 gnolls (D:4)
  10 naga simulacra (IceCv)
  2 shadow imps
  8 white imps
  8 ufetubi
  A worm (D:5)
  4 dart slugs
  45 orcs
  9 bats
  2 endoplasms
  3 giant cockroaches
  3 goblins
  8 hobgoblins
  10 jackals
  5 quokkas
  5 ball pythons
  A frilled lizard (D:1)
  16 kobolds
  4 rats
479 creatures vanquished.

Vanquished Creatures (collateral kills)
  A reaper (IceCv)
  A catoblepas (Lair:5)
  A soul eater (Orc:2)
  A manticore (Lair:5)
  A torpor snail (Lair:5)
  A hellwing (Orc:2)
  A death yak simulacrum (IceCv)
  An orc warrior (Orc:2)
  An orc priest (Orc:2)
  A troll simulacrum (IceCv)
  2 orcs (Orc:2)
12 creatures vanquished.

Vanquished Creatures (others)
  A kobold (D:8)
  8 fungi
  15 plants
  2 withered plants (D:10)
26 creatures vanquished.

Grand Total: 517 creatures vanquished

Notes
Turn   | Place    | Note
-------+----------+-------------------------------------------
     0 | D:1      | Bitman the Minotaur Fighter began the quest for the Orb.
     0 | D:1      | Reached XP level 1. HP: 19/19 MP: 0/0
   201 | D:1      | Reached XP level 2. HP: 27/27 MP: 1/1
   602 | D:1      | Reached XP level 3. HP: 33/33 MP: 2/2
   981 | D:2      | Noticed Natasha
   989 | D:2      | Killed Natasha
  1109 | D:2      | Noticed Natasha
  1115 | D:2      | Killed Natasha
  1116 | D:2      | Reached XP level 4. HP: 40/40 MP: 3/3
  1150 | D:2      | Reached skill level 1 in Dodging
  1614 | D:3      | Found a faded altar of an unknown god.
  1665 | D:3      | Reached skill level 1 in Throwing
  1665 | D:3      | Reached XP level 5. HP: 47/47 MP: 4/4
  1726 | D:3      | Found a snail-covered altar of Cheibriados.
  1728 | D:3      | Noticed a black bear
  1735 | D:3      | Killed a black bear
  2007 | D:3      | Gained mutation: You are somewhat resistant to further
                  | mutation. [potion of mutation]
  2079 | D:4      | Found a bloodstained altar of Trog.
  2087 | D:4      | Became a worshipper of Trog the Wrathful
  2089 | D:4      | Found an opulent altar of Gozag.
  2174 | D:4      | Found a staircase to the Ecumenical Temple.
  2201 | D:4      | Reached XP level 6. HP: 52/53 MP: 5/5
  2439 | D:4      | Noticed Blork the orc
  2449 | D:4      | Killed Blork the orc
  2450 | D:4      | Reached skill level 5 in Fighting
  2450 | D:4      | Reached skill level 5 in Axes
  2552 | D:4      | Found Mafaistro's Weapon Emporium.
  2599 | D:4      | Found a white marble altar of Elyvilon.
  2709 | D:5      | Entered Level 5 of the Dungeon
  2713 | D:5      | Reached skill level 5 in Armour
  2713 | D:5      | Reached skill level 5 in Shields
  2766 | D:5      | Reached XP level 7. HP: 61/61 MP: 6/6
  3102 | D:5      | Found a broken altar of Ashenzari.
  3113 | D:5      | Reached * piety under Trog
  3290 | D:5      | Found a sacrificial altar of Ru.
  3615 | D:6      | Reached XP level 8. HP: 70/70 MP: 7/7
  3645 | D:6      | Identified the +1 hammer of the Mashing Madman {speed,
                  | *Corrode Str+4 Stlth+}
  3649 | D:6      | Found a runed translucent door.
  3650 | D:6      | Noticed Crazy Yiuf
  3708 | D:6      | Noticed Pikel
  3710 | D:6      | Noticed Eustachio
  3723 | D:6      | Killed Pikel
  3760 | D:6      | Killed Eustachio
  3936 | D:6      | Reached XP level 9. HP: 78/78 MP: 8/8
  4073 | D:6      | Found Quot's General Store.
  4073 | D:6      | Noticed Sigmund
  4083 | D:6      | Killed Sigmund
  4129 | D:6      | Bought a potion of haste for 120 gold pieces
  4129 | D:6      | Bought a potion of cancellation for 96 gold pieces
  4129 | D:6      | Identified a scroll of acquirement
  4133 | D:6      | Acquired the ring "Sioff" {rPois Str+3 Slay+2}
  4397 | D:6      | Killed Crazy Yiuf
  4493 | D:7      | Reached skill level 5 in Dodging
  4544 | D:7      | Reached ** piety under Trog
  4698 | D:7      | Noticed a cyclops
  4708 | D:7      | Killed a cyclops
  4709 | D:7      | Reached skill level 5 in Throwing
  4812 | D:7      | Noticed a gargoyle
  4828 | D:7      | Killed a gargoyle
  4829 | D:7      | Reached XP level 10. HP: 88/88 MP: 9/9
  4830 | D:7      | Noticed a two-headed ogre
  4977 | D:7      | Noticed a manticore
  5076 | D:7      | Reached skill level 10 in Axes
  5088 | D:8      | Identified the +9 scale mail "Ejeun" {Slay+3 SInv}
  5119 | D:8      | Found a hazy altar of Hepliaklqana.
  5379 | D:8      | Found a runed translucent door.
  5382 | D:8      | Noticed Darius099's ghost (novice HuCj)
  5516 | D:9      | Noticed Erica
  5524 | D:9      | Killed Erica
  5708 | D:9      | Noticed Amaemon
  5709 | D:9      | Noticed an orange demon
  5749 | D:7      | Killed a manticore
  5830 | D:7      | Killed a two-headed ogre
  5848 | D:7      | Reached skill level 1 in Evocations
  6249 | D:7      | Reached *** piety under Trog
  6457 | D:8      | Killed Darius099's ghost
  6458 | D:8      | Reached XP level 11. HP: 95/95 MP: 10/10
  6606 | D:9      | Found a staircase to the Orcish Mines.
  6719 | D:9      | Killed Amaemon
  6941 | D:10     | Entered Level 10 of the Dungeon
  6951 | D:10     | Reached skill level 1 in Maces & Flails
  7312 | D:10     | Noticed Sonja
  7531 | D:10     | Killed Sonja
  7684 | D:10     | Found a staircase to the Lair.
  7692 | D:10     | Found a runed translucent door.
  7693 | D:10     | Noticed pokeman's ghost (novice DEHW)
  7875 | D:10     | Found a sparkling altar of Nemelex Xobeh.
  8008 | D:10     | Found a basalt altar of Yredelemnul.
  8082 | D:10     | Reached **** piety under Trog
  8137 | D:10     | Found a burning altar of Makhleb.
  8145 | D:10     | Reached skill level 5 in Maces & Flails
  8280 | D:10     | Killed pokeman's ghost
  8490 | D:11     | Reached skill level 10 in Shields
  8493 | D:11     | Reached XP level 12. HP: 91/106 MP: 11/11
  8552 | D:11     | Noticed a boulder beetle
  8572 | D:11     | Killed a boulder beetle
  8573 | D:11     | Reached skill level 10 in Armour
  8772 | D:11     | Noticed Fannar
  8788 | D:11     | Killed Fannar
  8789 | D:11     | Reached skill level 10 in Fighting
  8889 | D:11     | Noticed a boulder beetle
  8898 | D:11     | Killed a boulder beetle
  8933 | D:11     | Noticed Valagong's ghost (journeyman MiFi)
  8933 | D:11     | Noticed a two-headed ogre
  8935 | D:11     | Noticed a two-headed ogre
  8938 | D:11     | Noticed a two-headed ogre
  9352 | D:11     | Noticed a two-headed ogre
  9353 | D:11     | Found a transporter.
  9353 | D:11     | Identified the +3 great mace "Tisuwam" {heavy, Fly rPois}
  9353 | D:11     | Identified the +4 dire flail of Bife {flame, rN+ Will++}
  9353 | D:11     | Noticed a two-headed ogre
  9360 | D:11     | Found a transporter.
  9439 | Lair:1   | Entered Level 1 of the Lair of Beasts
  9532 | Lair:1   | Found a runed translucent door.
  9539 | Lair:1   | Noticed Nabski's ghost (journeyman TeFE)
  9568 | Lair:1   | Killed Nabski's ghost
 10569 | Lair:2   | Found a frozen archway.
 10588 | IceCv    | Entered an ice cave
 11506 | IceCv    | Noticed a reaper
 11732 | IceCv    | Killed a reaper
 11733 | IceCv    | Reached skill level 5 in Evocations
 12027 | Lair:2   | Noticed Nergalle
 12044 | Lair:2   | Killed Nergalle
 12191 | Lair:2   | Noticed a death yak
 12191 | Lair:2   | Noticed a death yak
 12192 | Lair:2   | Noticed a death yak
 12192 | Lair:2   | Noticed a death yak
 12192 | Lair:2   | Noticed a death yak
 12202 | Lair:2   | Killed a death yak
 12203 | Lair:2   | Reached XP level 13. HP: 115/115 MP: 12/12
 13853 | Lair:3   | Found a staircase to the Swamp.
 13991 | Lair:3   | Found a staircase to the Snake Pit.
 14202 | Lair:4   | Noticed Urug
 14216 | Lair:4   | Killed Urug
 15178 | Lair:5   | Entered Level 5 of the Lair of Beasts
 15209 | Lair:5   | Reached ***** piety under Trog
 15282 | Lair:5   | Reached XP level 14. HP: 80/126 MP: 13/13
 15512 | Lair:5   | Reached skill level 10 in Throwing
 15568 | Lair:5   | Upgraded the game from 0.30-a0-739-gea05faddec to
                  | 0.30-a0-743-gbfdf073431
 16016 | Orc:1    | Entered Level 1 of the Orcish Mines
 16267 | Orc:1    | Noticed Harold
 16285 | Orc:1    | Killed Harold
 16624 | Orc:1    | Found Lyfimpuc's CLEARANCE SALE!.
 16632 | Orc:1    | Bought a scroll of identify for 6 gold pieces
 16632 | Orc:1    | Bought a scroll of teleportation for 9 gold pieces
 16632 | Orc:1    | Bought a wand of light (4) for 50 gold pieces
 16658 | Orc:2    | Entered Level 2 of the Orcish Mines
 16728 | Orc:2    | Found a staircase to the Elven Halls.
 16857 | Orc:2    | Noticed Josephine
 16872 | Orc:2    | Killed Josephine
 17086 | Orc:2    | Found Jativouf's Distillery.
 17094 | Orc:2    | Found Detredan's Magic Scroll Emporium.
 17163 | Orc:2    | Received a gift from Trog
 17310 | Orc:2    | Bought a potion of curing for 36 gold pieces
 17310 | Orc:2    | Bought a potion of flight for 36 gold pieces
 17310 | Orc:2    | Bought a potion of might for 48 gold pieces
 17310 | Orc:2    | Bought a potion of curing for 36 gold pieces
 17312 | Orc:2    | Bought a scroll of brand weapon for 114 gold pieces
 17312 | Orc:2    | Bought a scroll of teleportation for 36 gold pieces
 17335 | Orc:2    | Acquired the +0 pair of fencer's gloves {Riposte Dex+3}
 17335 | Orc:2    | Found the +0 pair of fencer's gloves {Riposte Dex+3}
 17700 | Orc:2    | Found Toogh's Book Boutique.
 17700 | Orc:2    | Found Soim's Antique Armour Shop.
 17701 | Orc:2    | Found a one-way gate leading to the halls of Pandemonium.
 17735 | Orc:2    | Paralysed by an orc sorcerer for 5 turns
 17738 | Orc:2    | HP: 5/119 [sixfirhy[an orc sorcerer] (1)]
 17738 | Orc:2    | Mangled by a sixfirhy

Illustrated notes

Levels and vault maps discovered:
D:1:      eino_arrival_tree_alley, layout_loops_corners, serial_bayou_ford_a,
          reono_crystal_passage
D:2:      layout_basic, uniq_natasha
D:3:      layout_basic, cheibriados_altar_1, nicolae_ecumenical_oubliette,
          serial_glass, glass_columns_a, glass_columns_c, minmay_misc_feat_rows
D:4:      layout_cave_pools, nicolae_gozag_seed_capital, marbit_many_paths,
          trog_three_pillars_becter, minmay_temple_entry_stoned_glass,
          serial_shops, nicolae_shop_bloodbath_and_beyond, uniq_blork_the_orc
D:5:      layout_cave_pools, nicolae_overflow_crystal_walls,
          grunt_ashenzari_visionary [grunt_ashenzari_visionary_swamp,
          grunt_ashenzari_visionary_snake]
D:6:      layout_loops_cross, serial_shops, kennysheep_little_box, uniq_pikel,
          uniq_crazy_yiuf_cottage, uniq_eustachio, uniq_sigmund
D:7:      minmay_the_grid_triangle_9x9_recursive_2
          [minmay_the_grid_triangle_9x9_prize_center,
          minmay_the_grid_triangle_9x9_stretched_checkered,
          minmay_the_grid_triangle_9x9_semitri,
          minmay_the_grid_triangle_9x9_windchime], layout_loops_ring,
          grunt_ministairs_7
D:8:      layout_rooms, overflow_temple_1_default, hellmonk_ghost_big_iron
D:9:      layout_loops_ring, orc_0_dummy, uniq_erica, uniq_amaemon
D:10:     layout_rooms, lightli_temple_of_fire,
          lemuel_mausoleum_altar_yredelemnul, nemelex_altar_shiori,
          lair_entry_dummy, gammafunk_ghost_grave, uniq_maurice, uniq_sonja
D:11:     layout_basic, gammafunk_ghost_smash, minmay_misc_feat_chi, uniq_fannar
Lair:1:   layout_gridlike, hellmonk_ghost_happy_afterlife, serial_bayou_shore_b
Lair:2:   layout_cave_pods, portal_ice_cave_entry_ice_simulacra, st_stairs_5,
          serial_bayou_shore_a, grunt_megastairs_3, uniq_nergalle
Lair:3:   layout_cave_pods, nicolae_swamp_entry_splash_gauntlet,
          nicolae_snake_entry_squirm
Lair:4:   layout_gridlike, lemuel_fruit_fields, uniq_urug
Lair:5:   hangedman_lair_in_review, layout_cave_pods, dpeg_slime_entry_corner,
          wad_woods_06, minmay_lair_oklob_items
Orc:1:    layout_caves, nicolae_orc_damp_corner, nicolae_shop_clearance,
          uniq_harold
Orc:2:    pf_orc_diabolical, layout_diamond_mine, uniq_josephine

Skill      XL: |  1  2  3  4  5  6  7  8  9 10 11 12 13 14 |
---------------+-------------------------------------------+-----
Fighting       | 4 5 6 7 8 9 11 12 13 | 13.0
Shields        | 4 5 6 7 8 10 11 12 13 | 13.1
Armour         | 4 5 6 7 8 9 10 12 | 12.9
Axes           | 3 4 5 6 7 9 11 | 11.7
Dodging        | 1 2 3 4 5 |  5.0
Throwing       | 1 2 4 5 6 7 8 9 10 | 10.4
Evocations     | 1 3 5 6 7 |  7.8
Maces & Flails | 5 8 9 |  9.4

Action                     |  1- 3 |  4- 6 |  7- 9 | 10-12 | 13-15 || total
---------------------------+-------+-------+-------+-------+-------++-------
  Melee: War axe           |    62 |    81 |   178 |   124 |       ||   445
         Headbutt          |     7 |    14 |    42 |   145 |   176 ||   384
         Demon whip        |       |       |       |   482 |   563 ||  1045
  Throw: Dart              |       |       |       |     5 |       ||     5
 Invoke: Berserk           |       |       |     5 |    16 |     5 ||    26
         Trog's Hand       |       |       |       |     2 |     4 ||     6
         Brothers in Arms  |       |       |       |     3 |     2 ||     5
  Evoke: Wand              |       |       |       |     5 |     2 ||     7
    Use: Scroll            |       |    11 |     7 |     6 |     8 ||    32
         Potion            |       |     3 |     2 |     2 |       ||     7
   Stab: Petrified         |       |       |       |       |     9 ||     9
 Armour: Scale mail        |    33 |     2 |       |       |       ||    35
         Plate armour      |       |    43 |    82 |   184 |       ||   309
         Crystal plate arm |       |       |       |    57 |   254 ||   311
  Dodge: Dodged            |    27 |    50 |   129 |   263 |   134 ||   603
  Block: Buckler           |    19 |    23 |    47 |   118 |       ||   207
         Kite shield       |       |       |       |    87 |   212 ||   299
Riposte: Demon whip        |       |       |       |       |     3 ||     3

Table legend: (Time is in decaauts)
 A = Elapsed time spent in this place.
 B = Non-inter-level travel time spent in this place.
 C = Inter-level travel time spent in this place.
 D = Time resting spent in this place.
 E = Time spent auto-exploring this place.
 F = Levels seen in this place.
 G = Mean time per level.
                   A        B        C        D        E       F      G
               +--------+--------+--------+--------+--------+-----+--------+
         Total |  17785 |  17011 |    774 |   3244 |  10755 |  19 |  936.1 |
       Dungeon |   9741 |   9163 |    578 |   1840 |   5682 |  11 |  885.5 |
          Lair |   5051 |   4873 |    178 |    765 |   3440 |   5 | 1010.2 |
  Orcish Mines |   1637 |   1619 |     18 |    315 |    947 |   2 |  818.5 |
      Ice Cave |   1355 |   1355 |      0 |    323 |    685 |   1 | 1355.0 |
               +--------+--------+--------+--------+--------+-----+--------+

Top non-repeatable levels by time:
  Lair:2: 1370 daAuts
   IceCv: 1355 daAuts
     D:7: 1290 daAuts
     D:9: 1229 daAuts
  Lair:3: 1159 daAuts
     D:6: 1109 daAuts
    D:10: 1106 daAuts
  Lair:4: 1061 daAuts
   Orc:2: 1025 daAuts
     D:1: 1006 daAuts
    D:11: 938 daAuts
  Lair:1: 755 daAuts
     D:5: 744 daAuts
  Lair:5: 705 daAuts
     D:4: 654 daAuts
